 Dungeon Crawl Stone Soup version 0.27-a0-828-g8289197e94 (webtiles) character file.

Game seed: 15632453859689993428

10560 dickylongcocking the Thaumaturge (level 11, 0/91 HPs)
             Began as a Djinni Fire Elementalist on Mar 31, 2021.
             Was a Priest of Makhleb.
             Engulfed by a cloud of flame (24 damage)
             ... on level 10 of the Dungeon.
             The game lasted 00:15:47 (12203 turns).

dickylongcocking the Thaumaturge (DjFE)            Turns: 12203, Time: 00:15:47

Health: 0/91       AC: 13    Str:  7    XL:     11   Next: 64%
Gold:   810        EV: 11    Int: 25    God:    Makhleb [***...] SH:  0 Dex: 15

rFire    x . .     SeeInvis .   (weapon currently unavailable)
rCold    + + +     Faith    .   (shield currently unavailable)
rNeg     . . .     Spirit   .   (armour currently unavailable)
rPois    ∞         Reflect  .   (helmet currently unavailable)
rElec    .         Harm     .   (cloak currently unavailable)
rCorr    .         Rampage  .   (gloves currently unavailable)
Will     +....                  (boots unavailable)
Stlth    ++........             g - amulet of regeneration
HPRegen  1.25/turn              d - +6 ring of intelligence
MPRegen  0.00/turn              r - +4 ring of protection

@: ice-form, flying
A: freezing attack, flying, boosted hp, large, (fire resistance 2), (cold
vulnerability 1), float, innate caster, hp casting, extra vitality 1
a: End Transformation, Renounce Religion, Minor Destruction, Lesser Servant of
Makhleb


You were on level 10 of the Dungeon.
You worshipped Makhleb.
Makhleb was most pleased with you.
You were a creature of crystalline ice.
You visited 2 branches of the dungeon, and saw 11 of its levels.
You also visited: Bailey.

You collected 936 gold pieces.
You spent 126 gold pieces at shops.

Inventory:

Hand Weapons
 j - a +0 short sword
 s - a +0 long sword
 C - the +8 war axe of Due Proportion {flame, rElec rF+ Int+2}
   (You found it on level 7 of the Dungeon)

   It has been specially enchanted to burn those struck by it, causing extra
   injury to most foes and up to half again as much damage against particularly
   susceptible opponents.
   Big, fiery blades are also staple armaments of hydra-hunters.
   It affects your intelligence (+2).
   It protects you from fire.
   It insulates you from electricity.
Armour
 a - a +0 robe
 h - a +0 leather armour
 v - a +0 hat of stealth (melded)
 B - a +0 pair of gloves (melded)
 D - a +2 robe of willpower (melded)
 L - +0 acid dragon scales
Magical Staves
 A - a staff of fire (melded)
Jewellery
 d - a +6 ring of intelligence (left front paw)
 g - an amulet of regeneration (around neck)
 r - a +4 ring of protection (right front paw)
Wands
 k - a wand of acid (9)
 t - a wand of flame (37)
 u - a wand of digging (5)
 x - a wand of iceblast (9)
Scrolls
 b - 7 scrolls of teleportation
 e - a scroll of immolation {unknown}
 q - 2 scrolls of enchant armour
 y - 2 scrolls of fear
 z - 5 scrolls of enchant weapon
 F - a scroll of torment
 G - a scroll of vulnerability
 K - a scroll of summoning {unknown}
Potions
 c - a potion of haste {unknown}
 f - a potion of berserk rage {unknown}
 i - a potion of brilliance {unknown}
 l - a potion of resistance {unknown}
 m - 2 potions of cancellation {unknown}
 o - 3 potions of degeneration {unknown}
 p - a potion of curing
 E - a potion of invisibility {unknown}
 I - a potion of might {unknown}
 J - 2 potions of lignification {unknown}
Miscellaneous
 n - a phantom mirror (inert)


   Skills:
 - Level 5.5 Fighting
 - Level 1.7(4.3) Short Blades
 * Level 6.2(6.3) Long Blades
 - Level 0.6 Staves
 - Level 3.5 Armour
 - Level 3.1 Dodging
 - Level 2.5 Stealth
 - Level 0.5 Unarmed Combat
 - Level 12.3 Spellcasting
 - Level 0.8 Evocations


You had 3 spell levels left.
You knew the following spells:

 Your Spells              Type           Power      Damage    Failure   Level
a - Foxfire               Conj/Fire      100%       2x1d9     1%          1
b - Conjure Flame         Conj/Fire      67%        6-21      1%          3
c - Inner Flame           Hex/Fire       67%        N/A       1%          3
d - Ice Form              Ice/Tmut       67%        N/A       1%          4
e - Fireball              Conj/Fire      33%        3d14      1%          5
f - Sting                 Tmut/Pois      100%       1d8       1%          1
g - Slow                  Hex            67%        N/A       1%          2
h - Manifold Assault      Tloc           67%        N/A       1%          5
i - Ignite Poison         Fire/Tmut/Pois 67%        N/A       1%          3
s - Sticky Flame          Conj/Fire      67%        2d8       1%          4
Your spell library was empty.

Dungeon Overview and Level Annotations

Branches:
Dungeon (10/15)            Temple (1/1) D:5             Orc (0/2) D:10
 Bailey (visited)
   Lair: D:8-11

Altars:
Ashenzari
Cheibriados
Dithmenos
Elyvilon
Fedhas
Gozag
Hepliaklqana
Kikubaaqudgha
Makhleb
Nemelex Xobeh
Okawaru
Qazlal
Ru
Sif Muna
Trog
Uskayaw
Vehumet
Wu Jian
Xom
Yredelemnul
Zin
The Shining One

Shops:
D:1 :   D:5 [   D:8 =


Innate Abilities, Weirdness & Mutations

You are a creature of crystalline ice.
You have a powerful freezing melee attack.
You are flying.
Your maximum health is increased.
Your armour is entirely melded.
You are incapable of wielding weapons or throwing items.
You are immune to poison.
((Your flesh is very heat resistant. (rF++)))
((You are vulnerable to cold. (rC-)))
You float through the air rather than walking.
You learn spells naturally, not from books.
Your magical power is your life essence.
You have superior vitality. (+4 HP)


Message History

A yak comes into view.
Casting: Fireball (dangerous; 1% risk of failure)
Confirm with . or Enter, or press ? or * to list all spells.
Aiming: Fireball (dangerous; 1% risk of failure)
Press: ? - help, Shift-Dir - straight line, f - yak
Aim: a yak You feel a surge of power!
The fireball explodes!
The fireball engulfs the yak!!
The yak is almost dead.
The yak bellows!
You hear a bellow!
Casting: Fireball (dangerous; 1% risk of failure)
Confirm with . or Enter, or press ? or * to list all spells.
Aiming: Inner Flame (safe; 1% risk of failure)
Press: ? - help, Shift-Dir - straight line, f/p - yak
Aim: a yak (almost dead, chance to affect: 98%)
You feel a surge of power!
The yak is filled with an inner flame.
Unknown command.
Casting: Inner Flame (safe; 1% risk of failure)
Confirm with . or Enter, or press ? or * to list all spells.
You turn into a creature of crystalline ice.
Your staff of fire melds into your body.
Your +0 hat of stealth melds into your body.
Your +0 pair of gloves melds into your body.
Your +2 robe of willpower melds into your body.
You feel less stealthy.
You feel less strong-willed. The yak barely misses you.
Unknown command.
Casting: Ice Form (safe; 1% risk of failure)
Confirm with . or Enter, or press ? or * to list all spells.
You can't see any susceptible monsters within range! (Use Z to cast anyway.) Unknown command.
Unknown command.
You hit the yak.
Flame seeps out of the yak.
You freeze the yak. Makhleb accepts your kill.
You feel better.
The yak explodes!
The fiery explosion engulfs you!!! The fire burns you terribly!
Ouch! That really hurt!
* * * LOW HITPOINT WARNING * * *
You are engulfed in blazing flames.
You die...

.#######..#
#.#.##.
#..#
#.#.##.
########..#
#.#.###
#.........#
### #.#...#
#.######.##
... #.###.#
#.###Y#
#.##...
#>#... #..#
#.#○#.#
##..#
#.Y§§.#
#...#
#.....#
#.#..
#.....#
#.###
#$?.....#
#.#
##....###
#.###
#....#
#.#..
#..$.#
#.#..
#....#
#.... ###..


You could see a yak.

Vanquished Creatures
  Erolcha (D:9)
  Erica (D:9)
  A two-headed ogre (D:6)
  Pikel (D:7)
  Joseph (D:10)
  Maggie (D:9)
  Prince Ribbit (D:7)
  Grinder (D:6)
  A hornet (D:6)
  A wyvern (D:7)
  Sigmund (D:4)
  Eustachio (D:6)
  2 wraiths (D:10)
  13 yaks
  A steam dragon (D:8)
  An ice beast (D:8)
  Duvessa (D:5)
  4 orc warriors
  A necrophage (D:6)
  3 black bears
  2 ogres
  2 phantoms
  A lemure (D:7)
  4 bullfrogs
  8 gnoll sergeants (Bailey)
  Dowan (D:5)
  3 scorpions
  6 killer bees (D:10)
  7 wights
  3 bullfrog zombies
  5 hounds
  2 centaur zombies
  A jelly (D:6)
  4 orc priests
  2 bullfrog skeletons
  A centaur skeleton (D:5)
  6 gnoll shamans (Bailey)
  4 iguanas
  7 orc wizards
  A hound skeleton (D:5)
  18 gnolls
  4 adders
  An adder skeleton (D:5)
  36 orcs
  4 ball pythons
  7 endoplasms
  2 giant cockroaches
  5 goblins
  13 hobgoblins
  2 kobolds (D:2)
  2 quokkas
  8 bats
  2 frilled lizards
  A jackal skeleton (D:4)
  2 rats
215 creatures vanquished.

Vanquished Creatures (others)
  231 foxfires
231 creatures vanquished.

Grand Total: 446 creatures vanquished

Notes
Turn   | Place    | Note
-------+----------+-------------------------------------------
     0 | D:1      | dickylongcocking the Djinni Fire Elementalist began the
                  | quest for the Orb.
     0 | D:1      | Reached XP level 1. HP: 15/15 MP: 0/0
   314 | D:1      | Reached skill level 3 in Spellcasting
   384 | D:1      | Found Nassien's Book Shoppe.
   506 | D:1      | Reached XP level 2. HP: 17/21 MP: 0/0
   722 | D:1      | You are sucked into a shaft and drop 1 floor!
  1314 | D:2      | Reached XP level 3. HP: 23/25 MP: 0/0
  1314 | D:2      | Learned a level 1 spell: Sting
  1429 | D:2      | Found a white marble altar of Elyvilon.
  1521 | D:2      | Found an iron altar of Okawaru.
  2176 | D:3      | Found a glowing golden altar of the Shining One.
  2459 | D:3      | Reached XP level 4. HP: 27/31 MP: 0/0
  2617 | D:3      | Reached skill level 1 in Armour
  2771 | D:3      | Found a snail-covered altar of Cheibriados.
  2961 | D:4      | Noticed a phantom
  2969 | D:4      | Killed a phantom
  2970 | D:4      | Reached skill level 4 in Spellcasting
  2970 | D:4      | Reached XP level 5. HP: 18/35 MP: 0/0
  2970 | D:4      | Learned a level 2 spell: Slow
  3393 | D:4      | Reached XP level 6. HP: 35/40 MP: 0/0
  3563 | D:4      | Found a sparkling altar of Nemelex Xobeh.
  3563 | D:4      | Noticed Sigmund
  3573 | D:4      | Killed Sigmund
  3574 | D:4      | Reached skill level 1 in Short Blades
  3574 | D:4      | Reached skill level 5 in Spellcasting
  3574 | D:4      | Reached XP level 7. HP: 15/46 MP: 0/0
  3574 | D:4      | Learned a level 3 spell: Ignite Poison
  4329 | D:4      | Found an ornate altar of the Wu Jian Council.
  4642 | D:5      | Entered Level 5 of the Dungeon
  4730 | D:5      | Found Aproiryto's Antique Armour Emporium.
  4737 | D:5      | Bought an embroidered hat for 126 gold pieces
  5212 | D:5      | Found a staircase to the Ecumenical Temple.
  5213 | D:5      | Noticed Dowan
  5215 | D:5      | Noticed Duvessa
  5232 | D:5      | Killed Duvessa
  5233 | D:5      | Reached skill level 6 in Spellcasting
  5565 | D:5      | Killed Dowan
  5735 | Temple   | Entered the Ecumenical Temple
  5784 | Temple   | Became a worshipper of Makhleb the Destroyer
  5902 | D:5      | Reached skill level 1 in Fighting
  5902 | D:5      | Reached XP level 8. HP: 47/52 MP: 0/0
  6126 | D:5      | Found a shadowy altar of Dithmenos.
  6794 | D:5      | Reached skill level 7 in Spellcasting
  7441 | D:6      | Noticed Grinder
  7453 | D:6      | Killed Grinder
  7895 | D:6      | Found a basalt altar of Yredelemnul.
  7957 | D:6      | Noticed a hornet
  7964 | D:6      | Reached skill level 8 in Spellcasting
  7964 | D:6      | Reached XP level 9. HP: 42/60 MP: 0/0
  7964 | D:6      | Learned a level 4 spell: Ice Form
  7964 | D:6      | Killed a hornet
  8267 | D:6      | Noticed a two-headed ogre
  8273 | D:6      | Killed a two-headed ogre
  8274 | D:6      | Reached skill level 9 in Spellcasting
  8488 | D:6      | Noticed Eustachio
  8492 | D:6      | Killed Eustachio
  8503 | D:6      | Found a sparkling altar of Nemelex Xobeh.
  8944 | D:7      | Noticed Prince Ribbit
  8946 | D:7      | Killed Prince Ribbit
  8947 | D:7      | Reached skill level 10 in Spellcasting
  8947 | D:7      | Reached XP level 10. HP: 54/68 MP: 0/0
  8963 | D:7      | Reached * piety under Makhleb
  9103 | D:7      | Identified the +8 war axe of Due Proportion {flame, rElec
                  | rF+ Int+2}
  9146 | D:7      | Noticed Pikel
  9151 | D:7      | Killed Pikel
  9327 | D:7      | Found a blossoming altar of Fedhas.
  9620 | D:8      | Reached skill level 5 in Fighting
  9726 | D:8      | Found Lotiapp's Jewellery Shoppe.
  9767 | D:8      | Reached skill level 11 in Spellcasting
  9892 | D:8      | Found a broken altar of Ashenzari.
 10003 | D:8      | Found a shimmering altar of Xom.
 10308 | D:9      | Noticed Maggie
 10314 | D:9      | Killed Maggie
 10350 | D:9      | Found a flagged portal.
 10359 | Bailey   | Entered a bailey
 10443 | Bailey   | Reached ** piety under Makhleb
 10869 | D:9      | Reached skill level 12 in Spellcasting
 10869 | D:9      | Reached XP level 11. HP: 66/76 MP: 0/0
 10869 | D:9      | Learned a level 5 spell: Manifold Assault
 10870 | D:9      | Noticed Erica
 10874 | D:9      | Killed Erica
 10931 | D:9      | Reached skill level 1 in Long Blades
 11592 | D:10     | Entered Level 10 of the Dungeon
 11772 | D:10     | Reached skill level 5 in Long Blades
 11778 | D:10     | Noticed Joseph
 11969 | D:9      | Noticed Erolcha
 11973 | D:9      | Killed Erolcha
 12082 | D:10     | Killed Joseph
 12082 | D:10     | Reached *** piety under Makhleb
 12153 | D:10     | Found a glowing golden altar of the Shining One.
 12179 | D:10     | Found a staircase to the Orcish Mines.
 12203 | D:10     | Engulfed by a cloud of flame

Illustrated notes

Levels and vault maps discovered:
D:1:      evilmike_arrival_home_sweet_home, layout_basic, serial_shops, shop
D:2:      minmay_spotlight, layout_rooms, elyvilon_altar_5,
          lemuel_blue_sif_altar, okawaru_gym_becter
D:3:      layout_basic, tso_altar, overflow_temple_1_default
D:4:      layout_loops_cross, lemuel_crystal_altar, nemelex_dance_club_becter,
          uniq_sigmund
D:5:      layout_layer_cave, grunt_dithmenos_shadows, temple_fountains,
          serial_shops, kennysheep_mini_moat, nrook_mini_backslash,
          grunt_tough_drop, uniq_duvessa
D:6:      layout_loops_ring, nemelex_xobeh_ov_fountains_minmay,
          overflow_temple_1_default, vehumet_altar_wand_db, uniq_eustachio,
          uniq_grinder
D:7:      layout_basic, lemuel_doored_altar, uniq_prince_ribbit1, uniq_pikel
D:8:      layout_gridville, tgw_xom, nicolae_ashenzari_skybound, serial_shops,
          nicolae_shop_behind_doors
D:9:      layout_irregular_city, kiku_gazebo_garden_becter, enter_bailey_2,
          uniq_erica, uniq_erolcha, uniq_maggie
D:10:     layout_basic, basic_altar, serial_shops, shop_fountains, uniq_joseph
Temple:   jpeg_temple_island

Skill      XL: |  1  2  3  4  5  6  7  8  9 10 11 |
---------------+----------------------------------+-----
Spellcasting   | 3 4 5 6 8 10 12 | 12.3
Stealth        | 2 |  2.5
Armour         | 1 2 3 |  3.5
Short Blades   | 1 |  1.7
Dodging        | 3 |  3.1
Fighting       | 1 3 4 5 |  5.5
Long Blades    | 6 |  6.2
Staves         | |  0.6
Unarmed Combat | |  0.5
Evocations     | |  0.8

Action                   |  1- 3 |  4- 6 |  7- 9 | 10-12 || total
-------------------------+-------+-------+-------+-------++-------
Melee: Short sword       |    17 |     6 |    22 |       ||    45
       Long sword        |       |       |    24 |       ||    24
       Unarmed           |       |       |    10 |     4 ||    14
       Staff             |       |       |     6 |     6 ||    12
       War axe           |       |       |       |     3 ||     3
 Cast: Foxfire           |    87 |    36 |    25 |     3 ||   151
       Sting             |       |     9 |    14 |       ||    23
       Slow              |       |     4 |     1 |     1 ||     6
       Inner Flame       |       |     1 |     7 |    21 ||    29
       Sticky Flame      |       |       |    24 |    14 ||    38
       Fireball          |       |       |    22 |   107 ||   129
       Ignite Poison     |       |       |     4 |       ||     4
       Ice Form          |       |       |     1 |     2 ||     3
       Manifold Assault  |       |       |       |     4 ||     4
Evoke: Wand              |       |       |     2 |       ||     2
       Phantom mirror    |       |       |       |     1 ||     1
  Use: Potion            |       |     2 |     2 |       ||     4
       Scroll            |       |       |     6 |     7 ||    13
Armor: Robe              |     1 |       |       |     2 ||     3
       Leather armour    |    11 |     3 |    33 |     4 ||    51
       Skin              |       |       |    12 |     3 ||    15
Dodge: Dodged            |    23 |    10 |    74 |    16 ||   123
       Rpst.: Long sword |       |       |    15 |       ||    15

Table legend: (Time is in decaauts)
 A = Elapsed time spent in this place.
 B = Non-inter-level travel time spent in this place.
 C = Inter-level travel time spent in this place.
 D = Time resting spent in this place.
 E = Time spent auto-exploring this place.
 F = Levels seen in this place.
 G = Mean time per level.
                   A        B        C        D        E       F      G
               +--------+--------+--------+--------+--------+-----+--------+
         Total |  12217 |  11894 |    323 |   1833 |   8543 |  12 | 1018.1 |
       Dungeon |  11723 |  11443 |    280 |   1711 |   8396 |  10 | 1172.3 |
        Temple |     92 |     50 |     42 |      0 |     36 |   1 |   92.0 |
        Bailey |    400 |    400 |      0 |    122 |    111 |   1 |  400.0 |
               +--------+--------+--------+--------+--------+-----+--------+

Top non-repeatable levels by time:
     D:5: 2079 daAuts
     D:4: 2013 daAuts
     D:6: 1506 daAuts
     D:9: 1202 daAuts
     D:3: 1139 daAuts
     D:2: 1007 daAuts
     D:7: 899 daAuts
     D:1: 793 daAuts
     D:8: 783 daAuts
  Bailey: 400 daAuts
    D:10: 298 daAuts
  Temple: 92 daAuts
